AoeStats
← PilotePSP

Arena

510051898Analyzed
4v4 RM · 5d ago on Sep 29, 2026· 39m 59s· 8 players
Game mode
Random Map
Map size
Large (8 player)
Population
200
Speed
Normal
Resources
Standard
Victory
Conquest
Starting age
Dark Age
Ending age
Imperial Age
RankedLock teamsTeams togetherTeam positionsShared explorationLock speedFull tech treeHidden civsTurbo modeCheats
Victory
Defeat
🇳🇿 Wu · New Zealand
1109
+16
🇮🇳 Huns · India
1106
+17
🇹🇼 Danes · Taiwan
1079
+18
🇮🇳 Cumans · India
1074
+18
🇺🇸 Varangians · United States
1138
-18
🇵🇪 Italians · Peru
1133
-18
🇳🇱 Lithuanians · Netherlands
1109
-17
🇩🇪 Portuguese · Germany
1094
-16
PassinGrass5794
10:19 Feudal Age
11:28 Loom
14:04 Castle Age
12:07 Double-Bit Axe
12:58 Horse Collar
15:22 Bow Saw
17:19 Wheelbarrow
21:35 Heavy Plow
22:37 Gold Mining
24:24 Hand Cart
25:04 Scale Barding Armor
26:12 Chain Barding Armor
27:23 Forging
28:40 Iron Casting
Robbsen7
9:55 Feudal Age
8:36 Loom
14:36 Castle Age
12:55 Horse Collar
13:48 Double-Bit Axe
14:08 Gold Mining
22:16 Wheelbarrow
22:19 Bow Saw
22:57 Heavy Plow
DEG
11:04 Feudal Age
12:27 Double-Bit Axe
12:36 Horse Collar
15:08 Castle Age
20:17 Loom
22:59 Wheelbarrow
24:02 Hand Cart
25:36 Bloodlines
26:00 Husbandry
26:41 Scale Barding Armor
28:06 Chain Barding Armor
29:40 Forging
32:32 Imperial Age
30:29 Bow Saw
30:26 Heavy Plow
31:21 Gold Mining
31:23 Stone Mining
32:45 Iron Casting
32:48 Fortified Wall
33:03 Ballistics
32:54 Masonry
33:18 Fortified Wall
33:29 Ballistics
33:21 Masonry
32:37 Cavalier
33:56 Plate Barding Armor
34:20 Paladin
35:42 Conscription
35:50 Fletching
37:42 Herbal Medicine
PilotePSP
0:28 Loom
12:21 Feudal Age
16:22 Castle Age
14:15 Double-Bit Axe
14:14 Horse Collar
14:58 Fletching
15:39 Stone Mining
17:31 Bow Saw
19:11 Wheelbarrow
18:39 Town Watch
19:20 Padded Archer Armor
20:57 Bodkin Arrow
29:10 Imperial Age
28:07 Forging
29:25 Ballistics
30:57 Chemistry
30:13 Bracer
30:11 Gold Mining
31:29 Iron Casting
嘿嘿嘿
9:39 Feudal Age
10:08 Double-Bit Axe
16:42 Castle Age
15:26 Loom
16:07 Scale Mail Armor
18:42 Bow Saw
20:08 Stone Mining
20:24 Horse Collar
21:03 Gambesons
24:09 Wheelbarrow
26:04 Heavy Plow
26:30 Town Watch
27:58 Gold Mining
29:49 Hand Cart
32:29 Imperial Age
30:14 Forging
29:55 Fletching
29:41 Elite Skirmisher
30:25 Squires
30:11 Arson
31:57 Gold Shaft Mining
32:46 Thumb Ring
39:16 Elite Varangian Guard
scrawnny12
11:29 Feudal Age
12:29 Double-Bit Axe
12:48 Horse Collar
15:24 Castle Age
16:34 Fletching
17:32 Bow Saw
22:20 Red Cliffs Tactics
23:18 Ballistics
25:23 Bodkin Arrow
30:52 Wheelbarrow
35:46 Imperial Age
35:52 Imperial Age
33:41 Hand Cart
33:12 Loom
36:02 Elite Fire Archer
36:53 Bracer
Doji
11:42 Feudal Age
15:34 Castle Age
27:57 Imperial Age
25:38 Padded Archer Armor
25:55 Fletching
25:55 Double-Bit Axe
26:52 Leather Archer Armor
27:00 Bodkin Arrow
27:58 Ballistics
29:37 Parthian Tactics
28:34 Elite Skirmisher
29:50 Bow Saw
29:58 Bracer
31:50 Two-Man Saw
30:37 Horse Collar
32:24 Chemistry
32:57 Scale Barding Armor
32:50 Gold Mining
33:50 Heavy Cavalry Archer
35:33 Gold Shaft Mining
34:48 Stone Mining
36:54 Chain Barding Armor
36:44 Forging
37:15 Thumb Ring
39:19 Plate Barding Armor
39:20 Iron Casting
kwik
9:49 Feudal Age
10:30 Double-Bit Axe
10:28 Horse Collar
16:37 Wheelbarrow
21:09 Castle Age
19:40 Scale Barding Armor
19:46 Forging
19:34 Loom
20:41 Town Watch
22:28 Chain Barding Armor
22:44 Iron Casting
22:20 Bow Saw
22:13 Heavy Plow
22:50 Bloodlines
30:45 Hand Cart
30:31 Town Patrol
33:54 Imperial Age
32:50 Gold Mining
32:50 Stone Mining
32:54 Fletching
33:05 Padded Archer Armor
33:40 Murder Holes
34:05 Ballistics
33:56 Masonry
34:16 Cavalier
35:33 Plate Barding Armor
36:00 Blast Furnace
35:24 Steppe Husbandry
35:45 Conscription
35:28 Paladin
37:28 Gold Shaft Mining
37:56 Two-Man Saw
37:30 Crop Rotation
Connection lost

Rejoining the realm…

Still unreachable

The connection could not be restored.

Session expired

The server has moved on; the page needs a fresh start.